 Dungeon Crawl Stone Soup version 0.31-a0-18-gea43df2a32 (webtiles) character file.

Game seed: 11702543681275131723

50 pk666 the Magician (level 3, -2/19 HPs)
             Began as a Deep Elf Hedge Wizard on May 12, 2023.
             Slain by an adder (3 damage)
             ... on level 2 of the Dungeon.
             The game lasted 00:03:48 (1933 turns).

pk666 the Magician (Deep Elf Hedge Wizard)          Turns: 1933, Time: 00:03:49

Health: -2/19      AC:  5    Str:  7    XL:     3   Next: 55%
Magic:  1/11       EV: 12    Int: 20    God:
Gold:   110        SH:  0    Dex: 14    Spells: 9/12 levels left

rFire   . . .        o - +0 whip (venom)
rCold   . . .        (no shield)
rNeg    . . .        b - +0 robe
rPois   .            c - +0 hat
rElec   .            u - +0 cloak
rCorr   .            g - +0 pair of gloves
SInv    .            r - +0 pair of boots
Will    .....        (no amulet)
Stlth   ++           (no ring)
HPRegen 0.23/turn    (no ring)
MPRegen 0.12/turn

%: no passive effects
@: mighty, invisible
A: no striking features
a: no special abilities


You were on level 2 of the Dungeon.
You visited 1 branch of the dungeon, and saw 2 of its levels.

You collected 110 gold pieces.

Inventory:

Hand Weapons
 o - a +0 whip of venom (weapon)
Missiles
 j - a throwing net
Armour
 b - a +0 robe (worn)
 c - a +0 hat (worn)
 g - a +0 pair of gloves (worn)
 r - a +0 pair of boots (worn)
 u - a +0 cloak (worn)
Jewellery
 a - a ring of resist corrosion
Scrolls
 e - a scroll of brand weapon {unknown}
 f - a scroll of amnesia {unknown}
 h - a scroll of blinking {unknown}
 k - 2 scrolls of poison {unknown}
 l - a scroll of identify {unknown}
 q - a scroll of teleportation {unknown}
 s - a scroll of vulnerability {unknown}
 t - a scroll of summoning {unknown}
Potions
 d - a potion of magic
 i - a potion of berserk rage {unknown}
 m - a potion of brilliance {unknown}
 p - a potion of invisibility


   Skills:
 - Level 2.4 Dodging
 - Level 2.4 Stealth
 + Level 5.1 Spellcasting
 + Level 2.4 Conjurations
 - Level 1.1 Summonings
 + Level 2.3 Translocations


You had 9 spell levels left.
You knew the following spells:

 Your Spells              Type           Power      Damage    Failure   Level
a - Magic Dart            Conj           56%        1d5       4%          1
b - Blink                 Tloc           28%        N/A       7%          2

Your spell library contained the following spells:

 Spells                   Type           Power      Damage    Failure   Level
 Call Imp                 Summ           18%        N/A       11%         2
 Slow                     Hex            20%        N/A       12%         1
 Cigotuvi's Dreadful Rot  Necr/Pois/Air  10%        N/A       17%         2
 Mephitic Cloud           Conj/Pois/Air  8%         N/A       24%         3


Dungeon Overview and Level Annotations

Branches:
Dungeon (2/15)

Altars:


Message History

You miss the adder.
The adder is almost dead.
You feel sick. The adder closely misses you. The adder barely misses you.
Your magical contamination has completely faded away.
The adder attacks as you move away! The adder bites you but does no damage.
You feel sick.
You barely miss the adder.
You feel sick.
You are no longer poisoned.
The adder bites you.
You are poisoned.
The adder poisons you!
You closely miss the adder.
You feel sick. The adder completely misses you. The adder barely misses you.
You barely miss the adder.
* * * LOW HITPOINT WARNING * * *
You feel sick.
You kill the adder!
The adder barely misses you.
* * * LOW HITPOINT WARNING * * *
You feel sick. The adder bites you but does no damage.
Casting: Magic Dart (safe; 4% risk of failure)
Confirm with . or Enter, or press ? or * to list all spells.
Aiming: Magic Dart (safe; 4% risk of failure)
Press: ? - help, Shift-Dir - straight line, f - adder
Aim: an adder (100% to hit)
The magic dart hits the adder.
The adder is moderately wounded.
* * * LOW HITPOINT WARNING * * *
You feel sick. The adder closely misses you.
It was a potion of invisibility.
You fade into invisibility!
* * * LOW HITPOINT WARNING * * *
You feel sick. The adder misses you.
It was a potion of might.
You feel very mighty all of a sudden.
* * * LOW HITPOINT WARNING * * *
You feel sick.
You are no longer poisoned.
The adder bites you.
You die...

###### #########
#####...... .†.)....#
#..........
...####.#######..........
...# #.#.....#..........
...# #.......#...)......
...####.......# #K#
.....###......###S#
####.# #........@.# #.#
#.....######
#.###.....#....#
#...'.......#..#
#####.....#....#
##.........# #.#.....#.#
#.#.#####.# #.#.# #.#


You could see an adder (unable to see you) and a kobold (unable to see you).

Vanquished Creatures
  An adder (D:2)
  5 bats
  An endoplasm (D:2)
  3 giant cockroaches (D:1)
  2 goblins
  5 hobgoblins
  4 jackals (D:1)
  4 kobolds
  3 quokkas
  A ball python (D:1)
  4 frilled lizards
  2 rats (D:1)
35 creatures vanquished.

Notes
Turn   | Place    | Note
-------+----------+-------------------------------------------
     0 | D:1      | pk666 the Deep Elf Hedge Wizard began the quest for the
                  | Orb.
     0 | D:1      | Reached XP level 1. HP: 10/10 MP: 7/7
   404 | D:1      | Reached XP level 2. HP: 15/15 MP: 5/9
   407 | D:1      | Learned a level 2 spell: Blink
  1420 | D:2      | Reached XP level 3. HP: 19/19 MP: 8/11
  1422 | D:2      | Reached skill level 5 in Spellcasting
  1603 | D:2      | Found a faded altar of an unknown god.
  1933 | D:2      | Slain by an adder

Illustrated notes

Levels and vault maps discovered:
D:1:      mushboom_english_gardens, layout_basic
D:2:      layout_basic, dreamdust_ecumenical_altar_grove

Skill      XL: |  1  2  3 |
---------------+----------+-----
Conjurations   | 2 |  2.4
Translocations | 2 |  2.3
Spellcasting   | 5 |  5.1
Dodging        | |  2.4
Stealth        | |  2.4
Summonings     | |  1.1

Action                     || total
---------------------------++-------
  Melee: Dagger            ||    11
         Whip              ||     7
   Cast: Magic Dart        ||    97
    Use: Potion            ||     2
 Armour: Robe              ||    13
  Dodge: Dodged            ||    29

Table legend: (Time is in decaauts)
 A = Elapsed time spent in this place.
 B = Non-inter-level travel time spent in this place.
 C = Inter-level travel time spent in this place.
 D = Time resting spent in this place.
 E = Time spent auto-exploring this place.
 F = Levels seen in this place.
 G = Mean time per level.
                   A        B        C        D        E       F      G
               +--------+--------+--------+--------+--------+-----+--------+
         Total |   1933 |   1881 |     52 |    426 |   1237 |   2 |  966.5 |
       Dungeon |   1933 |   1881 |     52 |    426 |   1237 |   2 |  966.5 |
               +--------+--------+--------+--------+--------+-----+--------+

Top non-repeatable levels by time:
     D:1: 1253 daAuts
     D:2: 679 daAuts
